Map: 锈化山巅-天梯版

Players

cyan

  • Race: Protoss Protoss
  • League: Grandmaster

TIME (Oliveira) - Winner!

  • Race: Terran Terran
  • League: Grandmaster

Event: DreamHack SC2 Masters 2021 Winter

VOD

Have the link to the VOD?

Description

Time

  • Played on: Oct. 9, 2021, 9:14 a.m.
  • Length: 9:17

All games in this series

Show
View Real Time Build Order
Export as new Build Order

cyan Protoss 

Build Orders: 1 Gate Expand, Blink Stalkers 

Get SALT Encoding   

  12  0:00  Probe  
  13  0:12  Probe  
  14  0:17  Pylon  
  14  0:24  Probe (Chrono Boost)  
  15  0:36  Probe (Chrono Boost)  
  15  0:37  Gateway  
  16  0:44  Probe (Chrono Boost)  
  16  0:48  Assimilator  
  17  0:51  Probe  
  18  1:03  Probe  
  19  1:15  Probe  
  20  1:24  Cybernetics Core  
  20  1:32  Nexus  
  20  1:36  Probe  
  21  1:41  Pylon  
  21  1:48  Probe  
  21  1:50  Assimilator  
  22  1:57  Adept (Chrono Boost)  
  22  2:00  Probe  
  25  2:02  Warp Gate  
  25  2:12  Probe (Chrono Boost)  
  26  2:22  Probe (Chrono Boost)  
  27  2:25  Twilight Council  
  27  2:27  Probe (Chrono Boost)  
  28  2:33  Stalker  
  30  2:39  Probe  
  31  2:45  Probe  
  31  2:49  Gateway  
  31  2:51  Probe  
  33  2:57  Blink (Chrono Boost), Probe  
  34  3:03  Probe  
  35  3:09  Probe  
  36  3:13  Stalker  
  36  3:15  Probe  
  39  3:21  Probe  
  40  3:27  Probe  
  40  3:28  Pylon  
  40  3:29  Robotics Facility  
  40  3:33  Probe  
  42  3:39  Gateway, Probe  
  43  3:45  Probe  
  43  3:48  Assimilator, Shield Battery  
  44  3:51  Stalker, Probe  
  47  3:57  Probe  
  47  3:58  Stalker  
  50  4:03  Probe  
  50  4:05  Pylon  
  50  4:09  Probe  
  52  4:16  Probe  
  53  4:18  Observer (Chrono Boost)  
  53  4:21  Nexus  
  54  4:26  Pylon  
  54  4:30  Probe  
  55  4:36  Stalker x2, Observer (Chrono Boost)  
  58  4:44  Stalker, Shield Battery  
  60  4:49  Probe  
  62  4:53  Immortal (Chrono Boost), Shield Battery  
  65  5:00  Stalker  
  65  5:04  Stalker  
  69  5:07  Probe  
  69  5:11  Pylon  
  69  5:13  Charge  
  70  5:29  Probe  
  70  5:35  Stalker x2  
  70  5:37  Stalker  
  70  5:41  Immortal (Chrono Boost)  
  74  5:45  Probe  
  76  6:00  Stalker  
  76  6:03  Probe  
  75  6:12  Probe  
  75  6:13  Stalker  
  75  6:14  Probe  
  75  6:15  Probe  
  80  6:24  Gateway, Probe (Chrono Boost)  
  81  6:26  Gateway, Probe (Chrono Boost)  
  81  6:27  Stalker  
  81  6:28  Probe (Chrono Boost)  
  85  6:36  Probe (Chrono Boost)  
  85  6:37  Gateway, Probe (Chrono Boost)  
  85  6:38  Probe (Chrono Boost)  
  88  6:41  Probe (Chrono Boost)  
  88  6:42  Sentry  
  88  6:43  Sentry  
  88  6:45  Pylon  
  88  6:47  Observer  
  93  6:51  Gateway  
  93  6:55  Gateway  
  93  6:57  Gateway  
  93  7:00  Warp Prism (Chrono Boost)  
  93  7:03  Probe x3  
  98  7:16  Zealot  
  98  7:19  Pylon  
  98  7:20  Pylon  
  98  7:22  Pylon  
  100  7:24  Pylon  
  100  7:36  Zealot  
  101  7:39  Pylon  
  101  7:40  Zealot x5  
  104  7:56  Probe  
  104  7:59  Probe x2  
  104  8:02  Stalker x6, Zealot x3  
  124  8:08  Probe  
  124  8:11  Probe  
  124  8:20  Zealot x4  
  124  8:26  Sentry x3  
  118  8:37  Zealot x2  
  108  8:44  Stalker x3  
  98  8:51  Zealot x2  
Show
View Real Time Build Order
Export as new Build Order

TIME Terran - Winner!

Build Orders:  

Get SALT Encoding   

  12  0:00  SCV  
  13  0:12  SCV  
  14  0:17  Supply Depot  
  14  0:24  SCV  
  15  0:38  SCV  
  15  0:40  Barracks  
  16  0:44  Refinery  
  16  0:51  SCV  
  17  1:03  SCV  
  18  1:15  SCV  
  19  1:27  Marine, Orbital Command  
  20  1:40  Command Center  
  20  1:45  Barracks Reactor  
  20  1:53  Supply Depot, SCV  
  21  2:05  SCV  
  22  2:10  Factory  
  22  2:17  SCV  
  22  2:19  Refinery  
  22  2:22  Marine x2  
  26  2:30  SCV  
  26  2:40  Marine x2  
  26  2:42  SCV  
  29  2:52  Orbital Command  
  29  2:54  Starport, Widow Mine  
  29  2:57  SCV  
  29  2:58  Marine  
  32  3:01  Marine  
  32  3:04  Orbital Command  
  34  3:09  SCV  
  35  3:15  Widow Mine  
  35  3:17  Marine  
  39  3:21  SCV  
  39  3:25  Supply Depot  
  39  3:27  Marine  
  39  3:30  SCV  
  39  3:31  Medivac  
  43  3:35  SCV  
  43  3:36  Marine  
  43  3:37  Factory Tech Lab  
  45  3:42  SCV  
  45  3:46  Marine  
  45  3:48  Supply Depot  
  47  3:49  SCV  
  47  3:54  SCV  
  49  3:57  Siege Tank, Bunker  
  49  3:59  Marine  
  53  4:05  Marine  
  53  4:09  Liberator  
  58  4:10  SCV  
  58  4:11  Supply Depot  
  58  4:12  SCV  
  59  4:17  Marine  
  59  4:22  SCV  
  59  4:23  Marine  
  62  4:32  SCV  
  62  4:33  Siege Tank  
  62  4:34  Supply Depot  
  62  4:36  SCV, Marine  
  68  4:42  Marine  
  68  4:45  SCV  
  70  4:50  Supply Depot  
  70  4:56  SCV, Starport Tech Lab, Marine  
  72  5:00  SCV, Command Center, Marine  
  72  5:05  Siege Tank  
  77  5:13  Marine  
  78  5:18  SCV x2  
  78  5:19  Barracks  
  78  5:21  Barracks  
  79  5:25  Supply Depot  
  76  5:29  Marine  
  76  5:30  SCV  
  76  5:34  SCV  
  79  5:39  Marine  
  79  5:41  Siege Tank  
  79  5:42  SCV  
  83  5:44  Refinery, Engineering Bay  
  83  5:46  Refinery  
  83  5:48  Engineering Bay  
  83  5:51  Marine  
  81  5:58  SCV  
  81  6:03  Marine  
  83  6:06  SCV  
  83  6:13  Stimpack, Marine  
  83  6:15  Starport Reactor, Orbital Command  
  84  6:19  SCV x2  
  84  6:20  Terran Infantry Weapons Level 1  
  84  6:23  Marine  
  84  6:24  Factory Reactor  
  84  6:25  Marine, Barracks  
  88  6:26  Barracks  
  88  6:28  Combat Shield, Marine  
  88  6:31  SCV x2  
  91  6:35  Supply Depot  
  91  6:36  Terran Infantry Armor Level 1  
  91  6:38  Marauder  
  93  6:40  Supply Depot  
  93  6:43  Marine  
  93  6:44  Missile Turret  
  93  6:45  Missile Turret, SCV x2  
  97  6:49  Marauder  
  97  6:50  Orbital Command  
  98  6:57  SCV  
  98  6:58  SCV  
  98  7:00  Marine  
  101  7:01  Marine x2  
  101  7:02  Medivac  
  101  7:03  Medivac  
  101  7:04  Widow Mine x2  
  109  7:10  Marauder, SCV  
  109  7:15  SCV x2  
  111  7:18  Barracks Reactor, Barracks Tech Lab, Marine  
  112  7:23  Supply Depot, SCV  
  112  7:25  Marauder, Supply Depot  
  112  7:26  Marine  
  112  7:29  Supply Depot  
  116  7:31  Marauder  
  116  7:32  SCV  
  116  7:36  SCV x2, Marine  
  122  7:38  Medivac  
  122  7:42  Supply Depot  
  124  7:44  Medivac, Refinery  
  124  7:45  Marauder  
  124  7:46  Refinery  
  128  7:53  Concussive Shells  
  128  7:55  Marauder  
  128  7:56  Marauder  
  128  7:57  Marine x2  
  132  7:59  SCV x2  
  132  8:01  Widow Mine x2  
  132  8:05  Supply Depot, Marine x2  
  136  8:06  Marauder  
  140  8:14  Armory  
  140  8:15  Marine x2  
  140  8:16  Marauder  
  140  8:19  SCV x2  
  146  8:23  Marine x2  
  146  8:24  Marauder  
  142  8:29  Marine  
  142  8:33  Marine x2  
  115  8:43  Marine x2  
  115  8:44  Marauder  
  115  8:45  Widow Mine x2  
  111  8:53  Marine x2  
  111  8:54  Marauder  

Tags
 
Add a new tag
Caveats
  • Supply blocks, unpowered buildings, or Contaminate may cause inaccurate times.
  • Supply counts are checked every 10 seconds.